 Dungeon Crawl Stone Soup version 0.31-a0-151-ge443d1f16c (webtiles) character file.

Game seed: 17237314220952586942

814 qw the Skirmisher (level 7, -7/61 HPs)
             Began as a Minotaur Hunter on June 8, 2023.
             Mangled by an ogre
             ... wielding a +0 giant club
              (22 damage)
             ... on level 5 of the Dungeon.
             The game lasted 00:01:51 (3773 turns).

qw the Skirmisher (Minotaur Hunter)                 Turns: 3773, Time: 00:01:52

Health: -7/61      AC:  9    Str: 15    XL:     7   Next: 62%
Magic:  0/6        EV: 12    Int:  4    God:
Gold:   69         SH:  0    Dex: 16    Spells: 6/6 levels left

rFire   + . .        l - +10 sling of Oniposuc {speed, rF+ rC+ rN++ Int-2}
rCold   + . .        (no shield)
rNeg    + + .        j - +0 ring mail
rPois   .            (helmet restricted)
rElec   .            (no cloak)
rCorr   .            h - +0 pair of gloves
SInv    .            f - +2 pair of boots
Will    .....        d - amulet of guardian spirit
Stlth   +            (no ring)
HPRegen 0.30/turn    (no ring)
MPRegen 0.10/turn

%: guardian spirit
@: about to teleport, weakened
A: horns 2, retaliatory headbutt
a: no special abilities


You were on level 5 of the Dungeon.
You visited 1 branch of the dungeon, and saw 5 of its levels.

You collected 209 gold pieces.
You spent 140 gold pieces at shops.


Innate Abilities, Weirdness & Mutations

You have a pair of horns on your head.
You reflexively headbutt those who attack you in melee.


   Skills:
 - Level 5.0 Fighting
 + Level 8.9 Ranged Weapons
 - Level 2.6 Armour
 - Level 3.1 Dodging
 - Level 0.7 Stealth


You had 6 spell levels left.
You didn't know any spells.
Your spell library was empty.

Inventory:

Hand Weapons
 i - a +0 arbalest
 l - the +10 sling of Oniposuc (weapon) {speed, rF+ rC+ rN++ Int-2}
   (You found it on level 5 of the Dungeon)

   Int:       It affects your intelligence (-2).
   rF:        It protects you from fire.
   rC:        It protects you from cold.
   rN:        It greatly protects you from negative energy.
Armour
 f - a +2 pair of boots (worn)
 h - a +0 pair of gloves (worn)
 j - a +0 ring mail (worn)
Jewellery
 d - an amulet of guardian spirit (around neck)
Scrolls
 e - a scroll of identify
 k - a scroll of enchant weapon {unknown}
Potions
 b - a potion of curing
 c - 3 potions of resistance
 g - a potion of might {unknown}
 m - a potion of brilliance {unknown}
 n - a potion of haste {unknown}

Dungeon Overview and Level Annotations

Branches:
Dungeon (5/15)
 Temple: D:4-7

Altars:
Vehumet

Shops:
D:4 *


Message History

The gnoll bouda hits you with a +0 club.
You shoot a sling bullet. The gnoll shouts!
The sling bullet hits the gnoll bouda.
The gnoll bouda is almost dead.
The gnoll hits you from afar with a +3 spear.
You shoot a sling bullet.
The sling bullet completely misses the gnoll bouda.
The gnoll bouda gazes fiercely through you!
You feel your attacks grow feeble. The gnoll bouda barely misses you.
You furiously retaliate!
You headbutt the gnoll bouda. You shoot a sling bullet.
The sling bullet hits the gnoll bouda!
You kill the gnoll bouda!
The gnoll hits you from afar with a +3 spear.
You shoot a sling bullet. The sling bullet hits the adder!
The adder is almost dead.
The adder bites you but does no damage.
The gnoll hits you from afar with a +3 spear.
You shoot a sling bullet. The sling bullet hits the adder.
You kill the adder!
The gnoll hits you but does no damage.
You shoot a sling bullet. The sling bullet hits the ogre.
The ogre is lightly wounded.
The ogre hits you with a +0 giant club!!
You shoot a sling bullet. The sling bullet hits the ogre!
The ogre is heavily wounded.
The gnoll closely misses you.
You shoot a sling bullet. The sling bullet hits the ogre.
The ogre is severely wounded.
The ogre hits you with a +0 giant club. The gnoll misses you.
You shoot a sling bullet. The sling bullet hits the ogre.
The ogre is almost dead.
The gnoll is no longer moving quickly.
The gnoll hits you from afar with a +3 spear.
3773 ||| READING scroll of teleportation.
As you read the scroll of teleportation, it crumbles to dust.
You feel strangely unstable.
The ogre hits you with a +0 giant club!!
You die...

#.....## #.#
#.#......
.......## #.#
#.......<
........# #.#
###.#####
........# #.###
##.####.#####
........# #.#..
........<....
.......### #.#.#
##.####.#####
.........# #.#.#
#.# ##...###.#
##.#.# #.# ###.#
#.#####.#@)# #.#
#.#
#...[..###O.....#
#). #.# #######.#
g###### ### .#
#.#g# .#g# #.# ..
..


You could see an ogre and 3 gnolls.

Vanquished Creatures
  2 ogres
  A kobold brigand (D:5)
  2 scorpions
  A jelly (D:5)
  A gnoll bouda (D:5)
  An orc priest (D:4)
  2 hounds
  2 iguanas (D:5)
  2 orc wizards (D:4)
  A gnoll (D:5)
  7 adders
  3 worms
  6 dart slugs
  5 orcs
  7 ball pythons
  7 bats
  11 endoplasms
  4 giant cockroaches
  4 goblins
  14 hobgoblins
  5 jackals
  17 kobolds
  2 quokkas
  3 frilled lizards
  8 rats
118 creatures vanquished.

Notes
Turn   | Place    | Note
-------+----------+-------------------------------------------
     0 | D:1      | qw the Minotaur Hunter began the quest for the Orb.
     0 | D:1      | Reached XP level 1. HP: 18/18 MP: 0/0
     0 | D:1      | 0 ||| qw: Version: 0.2-a-120-gdf1a93b
     0 | D:1      | 0 ||| qw: Game counter: 3111
     0 | D:1      | 0 ||| qw: Always use a shield: true
     0 | D:1      | 0 ||| qw: God list: Okawaru
     0 | D:1      | 0 ||| qw: Allow faded altars: false
     0 | D:1      | 0 ||| qw: Do Orc after D:15 true
     0 | D:1      | 0 ||| qw: Do second Lair branch before Depths: true
     0 | D:1      | 0 ||| qw: Lair rune preference: random
     0 | D:1      | 0 ||| qw: Plans: Normal
     0 | D:1      | 0 ||| PLANNING D:1-11
    75 | D:1      | Reached XP level 2. HP: 25/25 MP: 1/1
    96 | D:1      | Reached skill level 5 in Ranged Weapons
   135 | D:1      | Reached skill level 3 in Fighting
   231 | D:1      | Reached XP level 3. HP: 31/31 MP: 2/2
   389 | D:1      | Found a faded altar of an unknown god.
   437 | D:1      | 437 ||| UPGRADING to +2 pair of boots.
   442 | D:1      | 442 ||| READING scroll labelled MUILIUSITS.
   443 | D:1      | 443 ||| READING scroll labelled ROCRAO OKHUI.
   444 | D:1      | 444 ||| DRINKING 2 sedimented cyan potions.
   445 | D:1      | 445 ||| DROPPING scroll of butterflies.
   446 | D:1      | 446 ||| DROPPING potion of attraction.
   885 | D:2      | Reached skill level 6 in Ranged Weapons
   885 | D:2      | Reached XP level 4. HP: 31/38 MP: 3/3
   893 | D:2      | 893 ||| FLEEEEING.
   894 | D:2      | 894 ||| FLEEEEING.
   895 | D:2      | 895 ||| FLEEEEING.
   896 | D:2      | 896 ||| FLEEEEING.
   897 | D:2      | 897 ||| FLEEEEING.
   898 | D:2      | 898 ||| FLEEEEING.
   899 | D:2      | 899 ||| FLEEEEING.
   900 | D:2      | 900 ||| FLEEEEING.
   901 | D:2      | 901 ||| FLEEEEING.
   902 | D:2      | 902 ||| FLEEEEING.
   903 | D:2      | 903 ||| FLEEEEING.
   904 | D:2      | 904 ||| FLEEEEING.
   905 | D:2      | 905 ||| STAIRDANCE
   920 | D:1      | 920 ||| UPGRADING to amulet of guardian spirit.
   925 | D:1      | 925 ||| READING 2 scrolls labelled DENIB ECOM.
   952 | D:2      | Found a radiant altar of Vehumet.
  1158 | D:2      | Reached skill level 1 in Armour
  1341 | D:2      | 1341 ||| DRINKING 2 silvery potions.
  1680 | D:3      | Noticed a scorpion
  1691 | D:3      | Killed a scorpion
  1692 | D:3      | Reached XP level 5. HP: 43/46 MP: 4/4
  2229 | D:3      | 2229 ||| UPGRADING to +0 pair of gloves.
  2234 | D:3      | 2234 ||| UPGRADING to +0 ring mail.
  2244 | D:3      | 2244 ||| DROPPING +0 leather armour.
  2245 | D:3      | 2245 ||| READING scroll labelled BAOCHE VATZ.
  2246 | D:3      | 2246 ||| READING scroll labelled PALIK AG DEMAT.
  2248 | D:3      | 2248 ||| Stepping ~*~*~tactically~*~*~ (cloud).
  2364 | D:4      | Found Mavix's General Store.
  2366 | D:4      | 2366 ||| BUYING potion of resistance (140 gold).
  2366 | D:4      | Bought a potion of resistance for 140 gold pieces
  2366 | D:4      | 2366 ||| SHOPLISTING scroll of identify (28 gold, have 5).
  2400 | D:4      | Reached skill level 7 in Ranged Weapons
  2462 | D:4      | Reached XP level 6. HP: 30/52 MP: 2/5
  2940 | D:4      | Reached skill level 8 in Ranged Weapons
  2963 | D:4      | HP: 13/52 [something (2)]
  2968 | D:4      | HP: 12/52 [something (1)]
  2970 | D:4      | 2970 ||| READING 2 scrolls of teleportation.
  2971 | D:4      | 2971 ||| DRINKING potion of heal wounds.
  3188 | D:4      | 3188 ||| DROPPING ring of magical power.
  3189 | D:4      | 3189 ||| READING scroll labelled GIENUNN RUSIP.
  3290 | D:4      | 3290 ||| READING scroll labelled XUVOAX YNU.
  3318 | D:5      | Entered Level 5 of the Dungeon
  3364 | D:5      | Reached XP level 7. HP: 50/60 MP: 4/6
  3428 | D:5      | 3428 ||| SWAPPING to +0 arbalest.
  3430 | D:5      | 3430 ||| DROPPING +0 shortbow.
  3432 | D:5      | 3432 ||| Stepping ~*~*~tactically~*~*~ (outnumbered).
  3434 | D:5      | 3434 ||| Stepping ~*~*~tactically~*~*~ (outnumbered).
  3447 | D:5      | Reached skill level 3 in Dodging
  3452 | D:5      | 3452 ||| FLEEEEING.
  3453 | D:5      | 3453 ||| FLEEEEING.
  3454 | D:5      | 3454 ||| FLEEEEING.
  3455 | D:5      | 3455 ||| FLEEEEING.
  3464 | D:5      | 3464 ||| FLEEEEING.
  3465 | D:5      | 3465 ||| STAIRDANCE
  3485 | D:4      | 3485 ||| READING 2 scrolls of identify.
  3485 | D:4      | 3485 ||| IDENTIFYING golden potion
  3490 | D:5      | 3490 ||| STAIRDANCE
  3523 | D:5      | 3523 ||| STAIRDANCE
  3730 | D:5      | Identified the +10 sling of Oniposuc {speed, rF+ rC+ rN++
                  | Int-2}
  3732 | D:5      | 3732 ||| SWAPPING to +10 sling of Oniposuc {speed, rF+ rC+
                  | rN++ Int-2}.
  3772 | D:5      | HP: 15/61 [gnoll/+3 spear[a gnoll bouda] (3)]
  3773 | D:5      | 3773 ||| READING scroll of teleportation.
  3773 | D:5      | Mangled by an ogre

Levels and vault maps discovered:
D:1:      dpeg_arrival_orchard, layout_rooms,
          shapermc_ecumenical_altar_hornbeckon, serial_forest,
          infiniplex_forest_lined_3_way, infiniplex_forest_lined_1,
          infiniplex_forest_clump_double, infiniplex_forest_end_2,
          infiniplex_forest_end_2, st_stairs_8
D:2:      layout_basic, basic_altar
D:3:      layout_basic, kennysheep_donut
D:4:      minmay_door_path, layout_rooms, serial_shops, shop
D:5:      minmay_diamond_boxcup, layout_loops_ring, uniq_menkaure

Skill      XL: |  1  2  3  4  5  6  7 |
---------------+----------------------+-----
Ranged Weapons | 5 6 7 8 |  8.9
Fighting       | 3 4 5 |  5.0
Armour         | 1 2 |  2.6
Dodging        | 3 |  3.1
Stealth        | |  0.7

Action                     |  1- 3 |  4- 6 |  7- 9 || total
---------------------------+-------+-------+-------++-------
   Fire: Shortbow          |   111 |   239 |       ||   350
         Arbalest          |       |       |    35 ||    35
         Sling             |       |       |    19 ||    19
    Use: Scroll            |     2 |     6 |     2 ||    10
         Potion            |     1 |     2 |       ||     3
 Armour: Leather armour    |     6 |     7 |       ||    13
         Ring mail         |       |    52 |    28 ||    80
  Dodge: Dodged            |    20 |    75 |    18 ||   113

Table legend:
 A = Non-vault XP
 B = Vault XP
 C = Vault XP percentage of total XP
 D = Non-vault monster count
 E = Vault monster count
 F = Vault count percentage of total count
                 A         B        C        D         E       F
            +---------+---------+-------+---------+---------+-------
      Total |    1160 |       3 |   0.3 |     116 |       2 |   1.7
            +---------+---------+-------+---------+---------+-------
        D:1 |      54 |       3 |   5.3 |      27 |       2 |   6.9
        D:2 |      71 |       0 |   0.0 |      18 |       0 |   0.0
        D:3 |     162 |       0 |   0.0 |      22 |       0 |   0.0
        D:4 |     434 |       0 |   0.0 |      31 |       0 |   0.0
        D:5 |     439 |       0 |   0.0 |      18 |       0 |   0.0
            +---------+---------+-------+---------+---------+-------
